 Dungeon Crawl Stone Soup version 0.27-a0-25-g087482e4d5 (webtiles) character file.

Game seed: 1504830114704313425

982 Conn the Sneak (level 8, 0/43 HPs)
             Began as an Octopode Fire Elementalist on Jan 2, 2021.
             Was a Believer of Sif Muna.
             Slain by a sky beast (6 damage)
             ... on level 5 of the Dungeon.
             The game lasted 00:12:40 (6187 turns).

Conn the Sneak (Octopode Fire Elementalist)         Turns: 6187, Time: 00:12:40

Health: 0/43       AC:  1    Str:  7    XL:     8   Next: 17%
Magic:  13/13      EV: 14    Int: 20    God:    Sif Muna [**....]
Gold:   173        SH:  0    Dex: 12    Spells: 7/14 levels left

rFire    + . .     SeeInvis .   o - +1 dagger (elec)
rCold    x . .     Faith    .   (no shield)
rNeg     . . .     Spirit   .   (helmet restricted)
rPois    .         Reflect  .   f - amulet of magic regeneration
rElec    .         Harm     .   i - ring of fire
rCorr    .         Rampage  .   l - ring of willpower
Will     +....                  (no ring)
Stlth    ++++......             (no ring)
HPRegen  0.14/turn              (no ring)
MPRegen  0.38/turn              (no ring)
                                (no ring)
                                (no ring)

@: no status effects
A: almost no armour, stealthy swim, amphibious, 8 rings, constrict 8, camouflage
1, frail 1, wild magic 1, gelatinous body 1, evolution 1
a: Renounce Religion, Channel Magic


You were on level 5 of the Dungeon.
You worshipped Sif Muna.
Sif Muna was pleased with you.
You visited 1 branch of the dungeon, and saw 5 of its levels.

You collected 173 gold pieces.

Inventory:

Hand Weapons
 b - a +1 short sword of holy wrath
 o - a +1 dagger of electrocution (weapon)
Missiles
 d - 23 poisoned darts (quivered)
 n - 4 curare-tipped darts
Jewellery
 f - an amulet of magic regeneration (around mantle)
 i - a ring of fire (left tentacle)
 l - a ring of willpower (right tentacle)
Scrolls
 a - 7 scrolls of identify
 c - 3 scrolls of magic mapping {unknown}
 e - 8 scrolls of remove curse
 j - 3 scrolls of random uselessness {unknown}
 k - a scroll of immolation {unknown}
 m - a scroll of fog {unknown}
 q - 2 scrolls of fear {unknown}
 s - 3 scrolls of enchant armour {unknown}
 t - 2 scrolls of teleportation {unknown}
 u - a scroll of blinking {unknown}
 w - a scroll of enchant weapon {unknown}
Potions
 g - a potion of haste
 h - a potion of cancellation
 r - a potion of berserk rage
 v - a potion of brilliance {unknown}


   Skills:
 + Level 1.2 Fighting
 + Level 2.5 Short Blades
 + Level 0.6 Throwing
 + Level 2.9 Dodging
 + Level 5.5 Stealth
 + Level 3.9 Spellcasting
 * Level 4.2 Conjurations
 * Level 5.5 Fire Magic


You had 7 spell levels left.
You knew the following spells:

 Your Spells              Type           Power        Failure   Level
a - Foxfire               Conj/Fire      100%         3%          1
b - Conjure Flame         Conj/Fire      46%          9%          3
c - Inner Flame           Hex/Fire       29%          17%         3

Your spell library contained the following spells:

 Spells                   Type           Power        Failure   Level
 Sticky Flame             Conj/Fire      46%          24%         4
 Fireball                 Conj/Fire      23%          52%         5


Dungeon Overview and Level Annotations

Branches:
Dungeon (5/15)
 Temple: D:4-7

Altars:
Ashenzari
Dithmenos
Makhleb
Nemelex Xobeh
Ru
Sif Muna
Uskayaw
Wu Jian

Shops:
D:4 [   D:5 (


Innate Abilities, Weirdness & Mutations

You cannot wear most types of armour.
You are very stealthy in the water. (Stealth+)
You are amphibious.
You can wear up to eight rings at the same time.
You can use your tentacles to constrict eight enemies at once.
Your skin changes colour to match your surroundings (Stealth+).
Your rubbery body absorbs attacks. (AC +1, EV +1)
You are frail. (-10% HP)
Your spells are a little harder to cast, but a little more powerful.
You evolve.


Message History

Unknown command.
Unknown command.
Unknown command.
You see here a runed robe.
A sky beast appears from thin air!
Reactivating autopickup.
The sky beast flickers out of sight!
Deactivating autopickup; reactivate with Ctrl-A.
The orc wizard casts a spell.
The orc wizard seems to speed up.
The orc wizard casts a spell at you.
The magic dart hits something!
You feel better. Something hits you.
* * * LOW HITPOINT WARNING * * *
Something shocks you.
* * * LOW HITPOINT WARNING * * *
You feel better. Something hits you.
* * * LOW HITPOINT WARNING * * *
Something shocks you.
You die...

###.# #..#.## #.##....)...[.=#
....#####.....###o##.####.####.#
###...........o..o)o.# #.# #.#
.##.#####.#...######.# #.# #.#
.##.# #.#..## #.# ... <.. .##.#
#.#.## #.. ... ...#.
.##.#####.#.### #####.....>(..
............[.###########.##...#
.########.....o{@....... #....
## #.#.........^... ##.## .#
#.###.#########. .## #.....# ..#
#.##### ..#######.# ..........#
#.######### ..#


You could see an orc wizard (fast).

Vanquished Creatures
  An ice beast (D:5)
  A sky beast (D:5)
  A centaur (D:5)
  A scorpion (D:5)
  4 hounds
  3 orc wizards
  3 orc priests (D:5)
  A centaur skeleton (D:5)
  2 iguanas
  3 worker ants
  2 hound zombies (D:5)
  7 adders
  2 white imps (D:5)
  3 ufetubi
  2 oozes
  An adder skeleton (D:4)
  4 worms
  A dart slug (D:1)
  5 leopard geckos
  12 orcs
  3 giant cockroaches
  3 hobgoblins
  A jackal (D:5)
  3 quokkas
  4 bats
  8 frilled lizards
  4 goblins
  6 kobolds
  2 leopard gecko skeletons (D:4)
  3 rats
96 creatures vanquished.

Vanquished Creatures (others)
  220 foxfires
220 creatures vanquished.

Grand Total: 316 creatures vanquished

Notes
Turn   | Place    | Note
-------+----------+-------------------------------------------
     0 | D:1      | Conn the Octopode Fire Elementalist began the quest for the
                  | Orb.
     0 | D:1      | Reached XP level 1. HP: 11/11 MP: 3/3
   517 | D:1      | Reached XP level 2. HP: 17/17 MP: 3/5
  1343 | D:2      | Reached XP level 3. HP: 21/21 MP: 4/6
  1347 | D:2      | Learned a level 3 spell: Conjure Flame
  1351 | D:2      | Learned a level 3 spell: Inner Flame
  1807 | D:2      | Found an ornate altar of the Wu Jian Council.
  2062 | D:2      | Found a shimmering blue altar of Sif Muna.
  2062 | D:2      | Found a hide-covered altar of Uskayaw.
  2076 | D:2      | Became a worshipper of Sif Muna the Loreminder
  2348 | D:3      | Found a sparkling altar of Nemelex Xobeh.
  2417 | D:3      | You fall into a shaft and drop 1 floor!
  2443 | D:4      | Found a burning altar of Makhleb.
  2489 | D:4      | Found a shadowy altar of Dithmenos.
  2526 | D:4      | Reached XP level 4. HP: 18/27 MP: 5/8
  2973 | D:4      | Reached XP level 5. HP: 19/31 MP: 7/9
  3430 | D:4      | Found Fagadd's Antique Armour Boutique.
  3706 | D:3      | Found a sacrificial altar of Ru.
  3716 | D:3      | Reached XP level 6. HP: 35/37 MP: 10/10
  3756 | D:3      | Reached * piety under Sif Muna
  3868 | D:3      | Reached skill level 1 in Short Blades
  5012 | D:5      | Entered Level 5 of the Dungeon
  5060 | D:5      | Reached XP level 7. HP: 42/42 MP: 8/11
  5105 | D:5      | Found a broken altar of Ashenzari.
  5420 | D:5      | Found Fozeyqih's Antique Weapon Boutique.
  5468 | D:5      | Reached skill level 1 in Fighting
  5472 | D:5      | Reached ** piety under Sif Muna
  5544 | D:5      | Reached skill level 5 in Stealth
  5565 | D:5      | Reached skill level 5 in Fire Magic
  5748 | D:5      | Gained mutation: You are frail. (-10% HP) [potion of
                  | mutation]
  5748 | D:5      | Gained mutation: You evolve. [potion of mutation]
  5753 | D:5      | Reached XP level 8. HP: 19/43 MP: 13/13
  5817 | D:5      | Gained mutation: Your spells are a little harder to cast,
                  | but a little more powerful. [evolution]
  6177 | D:5      | HP: 2/43 [orc priest/divine providence (17)]
  6186 | D:5      | HP: 2/43 [something (5)]
  6187 | D:5      | Slain by a sky beast

Illustrated notes

Levels and vault maps discovered:
D:1:      lemuel_arrival_tunnels, layout_basic
D:2:      layout_loops_corners, amethyst_overflow_temple_binary,
          nicolae_overflow_hidden_temple, nrook_loot_triangle,
          minmay_misc_feat_plants
D:3:      layout_basic, marbit_many_paths, grunt_ministairs_10,
          nicolae_ru_great_annihilating_truth
D:4:      layout_loops_ring, overflow_temple_1_default,
          makhleb_heckhound_becter, serial_shops, shop,
          kennysheep_generic_room_13
D:5:      cheibrodos_fzero, layout_loops_ring, nicolae_ashenzari_panopticon,
          serial_shops, shop, kennysheep_generic_room_2, uniq_edmund

Skill      XL: |  1  2  3  4  5  6  7 |
---------------+----------------------+-----
Stealth        | 3 4 5 |  5.5
Conjurations   | 2 3 4 |  4.2
Fire Magic     | 4 5 |  5.5
Spellcasting   | 3 |  3.9
Short Blades   | 1 2 |  2.5
Fighting       | 1 |  1.2
Throwing       | |  0.6
Dodging        | |  2.9

Action                   |  1- 3 |  4- 6 |  7- 9 || total
-------------------------+-------+-------+-------++-------
Melee: Short sword       |    18 |    69 |       ||    87
       Constrict         |     6 |    15 |     6 ||    27
       Tentacles         |     4 |     9 |     4 ||    17
       Dagger            |       |       |    32 ||    32
Throw: Dart              |     5 |       |       ||     5
 Cast: Foxfire           |    44 |    51 |    45 ||   140
       Conjure Flame     |       |       |     1 ||     1
  Use: Potion            |     5 |       |     5 ||    10
       Scroll            |       |     3 |       ||     3
 Stab: Sleeping          |     1 |     9 |     2 ||    12
Armor: Skin              |     3 |     8 |     2 ||    13
Dodge: Dodged            |    30 |    46 |    15 ||    91

Table legend: (Time is in decaauts)
 A = Elapsed time spent in this place.
 B = Non-inter-level travel time spent in this place.
 C = Inter-level travel time spent in this place.
 D = Time resting spent in this place.
 E = Time spent auto-exploring this place.
 F = Levels seen in this place.
 G = Mean time per level.
                   A        B        C        D        E       F      G
               +--------+--------+--------+--------+--------+-----+--------+
         Total |   6175 |   5989 |    186 |    554 |   4125 |   5 | 1235.0 |
       Dungeon |   6175 |   5989 |    186 |    554 |   4125 |   5 | 1235.0 |
               +--------+--------+--------+--------+--------+-----+--------+

Top non-repeatable levels by time:
     D:4: 1691 daAuts
     D:5: 1177 daAuts
     D:1: 1144 daAuts
     D:3: 1118 daAuts
     D:2: 1043 daAuts
